 Dungeon Crawl Stone Soup version 0.17-a0-701-gb6462b4 (webtiles) character file.

63 FedoraBrony69 the Conjurer (level 3, -12/21 HPs)
             Began as a High Elf Conjurer on Apr 19, 2015.
             Mangled by a gnoll
             ... wielding a +0 flail
              (13 damage)
             ... on level 1 of the Dungeon.
             The game lasted 00:01:58 (1505 turns).

FedoraBrony69 the Conjurer (High Elf Conjurer)      Turns: 1505, Time: 00:01:58

Health: -12/21     AC:  3    Str:  7    XL:     3   Next: 87%
Magic:  2/9        EV: 12    Int: 20    God:
Gold:   55         SH:  0    Dex: 15    Spells: 1 memorised, 8 levels left

rFire  . . .     SeeInvis .     d - +0 club
rCold  . . .     Clarity  .     a - +0 robe
rNeg   . . .     SustAb   .     (no shield)
rPois  .         Gourm    .     (no helmet)
rElec  .         Spirit   .     k - +0 cloak
rCorr  .         Warding  .     (no gloves)
rMut   .         Stasis   .     (no boots)
MR     .....                    (no amulet)
Stlth  ++........               (no ring)
                                (no ring)

@: not resistant to hostile enchantments, unstealthy
A: no striking features
a: no special abilities


You were on level 1 of the Dungeon.
You were hungry.

You visited 1 branch of the dungeon, and saw 2 of its levels.

You collected 55 gold pieces.

Inventory:

Hand weapons
 d - a +0 club (weapon)
Armour
 a - a +0 robe (worn)
 k - a +0 cloak (worn)
Jewellery
 l - an uncursed amulet of resist mutation {unknown}
 n - a cursed -2 ring of protection {unknown}
Scrolls
 e - 4 scrolls of identify {unknown}
 f - a scroll of amnesia {unknown}
 g - 2 scrolls of fear {unknown}
 h - a scroll of enchant armour {unknown}
 o - a scroll of enchant weapon {unknown}
Potions
 i - 2 potions of curing {unknown}
 j - 2 potions of might {unknown}
 p - 3 potions of poison {unknown}
Books
 c - a book of Conjurations

   Spells                             Type                      Level
   a - Magic Dart                     Conjuration                  1
   b - Searing Ray                    Conjuration                  2
   c - Dazzling Spray                 Conjuration/Hexes            3
   d - Fulminant Prism                Conjuration/Hexes            4
   e - Iskenderun's Mystic Blast      Conjuration                  4
   f - Iskenderun's Battlesphere      Conjuration/Charms           5
Comestibles
 b - 2 bread rations
 m - a royal jelly


   Skills:
 - Level 2.1 Dodging
 - Level 2.1 Stealth
 + Level 3.8 Spellcasting
 + Level 5.2 Conjurations


You had 8 spell levels left.
You knew the following spells:

 Your Spells              Type           Power        Failure   Level  Hunger
a - Magic Dart            Conj           ###.         1%          1    None


Dungeon Overview and Level Annotations

Branches:
Dungeon (2/15)

Altars:


Message History

Ouch! That really hurt!
* * * LOW HITPOINT WARNING * * *
Casting: Magic Dart
Confirm with . or Enter, or press ? or * to list all spells.
Aiming: Magic Dart
Press: ? - help, Shift-Dir - straight line, f/p - gnoll
Aim: a gnoll, wielding a flail (severely wounded)
The magic dart hits the gnoll.
The gnoll is severely wounded.
The gnoll misses you.
Casting: Magic Dart
Confirm with . or Enter, or press ? or * to list all spells.
Aiming: Magic Dart
Press: ? - help, Shift-Dir - straight line, f/p - gnoll
Aim: a gnoll, wielding a flail (severely wounded)
The magic dart hits the gnoll.
The gnoll is severely wounded.
The gnoll hits you with a flail!
Ouch! That really hurt!
You die...

### ##############
######## ##<##
#............## #)......
##...###
#.............###.#.#...
Z#...#.#
#..............##.#.#..#
##...###
#......@g.....###.#.#..#
.#...#.#
#...................#.[#
##...###
###..........####.##....
Z#...#Z#####..........#
#.##...#
##..#####.............##
#.##...# .#..#M#
####...........###......#
##..###
##..#####.....#####....
M#..#Z#
##..............## #.#.#
###.###
##................###....


You could see a gnoll.

Vanquished Creatures
  A gnoll (D:2)
  3 adders (D:2)
  A worm (D:2)
  A giant gecko (D:1)
  2 bats (D:1)
  A giant cockroach (D:1)
  3 goblins
  2 hobgoblins
  2 kobolds (D:2)
  3 giant newts
  3 jackals (D:1)
  4 rats
26 creatures vanquished.

Notes
Turn   | Place    | Note
--------------------------------------------------------------
     0 | D:1      | FedoraBrony69, the High Elf Conjurer, began the quest for the Orb.
     0 | D:1      | Reached XP level 1. HP: 11/11 MP: 4/4
     0 | D:1      | Noticed a merfolk zombie
     3 | D:1      | Noticed a human zombie
     8 | D:1      | Noticed a vine stalker zombie
    10 | D:1      | Noticed a draconian zombie
    10 | D:1      | Noticed a merfolk zombie
    12 | D:1      | Noticed an elf zombie
    12 | D:1      | Noticed a vine stalker zombie
    16 | D:1      | Noticed a human zombie
    18 | D:1      | Noticed a formicid zombie
    19 | D:1      | Noticed a formicid zombie
   378 | D:1      | Reached XP level 2. HP: 17/17 MP: 4/6
   926 | D:2      | Reached skill level 5 in Conjurations
   926 | D:2      | Reached XP level 3. HP: 21/21 MP: 4/8
  1503 | D:1      | HP: 1/21 [gnoll/flail (11)]
  1505 | D:1      | Mangled by a gnoll

Action                   || total
-------------------------++-------
Melee: Club              ||     5
 Cast: Magic Dart        ||    60
  Eat: Chunk             ||     1
